Connexion

Griffins vs Monsters

Created - 11 janvier 2024 at 17:46

Goals
1 2 3 T
Griffins 3 0 0 3
Monsters 1 1 0 2
Shots
1 2 3 T
Griffins 12 12 14 38
Monsters 7 13 11 31

GoalsPenalties
1st period
1. Griffins , Nick Merkley 19 (Tyler Benson 25) at 2:58
2. Griffins , Marc McLaughlin 18 (Tyler Benson 26) at 3:26
3. Griffins , Nick Merkley 20 (Gabriel Carlsson 18, Tyler Benson 27) at 11:31
4. Monsters , Nicolas Petan 27 (Max Willman 19, Dysin Mayo 20) at 15:08
Andrew Poturalski (CLE) for Tripping (Minor) at 6:29
Jake Walman (GRG) for Holding (Minor) at 19:24
2nd period
5. Monsters , Nicholas Abruzzese 29 (Andrew Poturalski 33, Dysin Mayo 21) at 0:30 (PP)
Sasha Chmelevski (GRG) for Tripping (Minor) at 3:01
Mason Geertsen (CLE) for Hooking (Minor) at 15:05
Tim Gettinger (CLE) for High sticking (Minor) at 18:00
3rd period
No Goal
Jake Walman (GRG) for Tripping (Minor) at 2:30
Goalie Stats
Justus Annunen (GRG), 29 saves from 31 shots - (0,935), W, 26-18-5, 60:00 minutes
Kevin Mandolese (CLE), 35 saves from 38 shots - (0,921), L, 27-16-2, 59:29 minutes
3 StarsOfficial
1 - Nick Merkley (GRG)
2 - Tyler Benson (GRG)
3 - Marc McLaughlin (GRG)
Referees : Rob Shick and Eric Furlatt
Linesman : Scott Cherrey and Derek Amell
Game Note
No Game Note
Finance
Level 1 -- Attendance: 1435 (71,75%) -- Ticket Income $57,400
Level 2 -- Attendance: 906 (90,60%) -- Ticket Income $18,120
Total Attendance: 2341 (78,03%)
Total Ticket Income: $75,520
Other Income: $15,104
Total Income: $90,624



Team Name Goals Shots Shots Attemp Shots Blocked PIM HIT PP PK FO%
Griffins 33870146150 / 3 (0%)150%
Monsters 23164146271 / 3 (33%)050%

Griffins
Player Name POS G A P +/- PIM HIT SHT SB MP PP MP PP SHT PK MP PK SHT FO% FOT
Aidan DudasC/LW0000022212:260:0000:00036% 11
Alexander VolkovLW/RW0000013021:252:5500:00050% 2
Drew O'ConnorLW000000001:290:0000:0000% 0
Dylan CoghlanD0000011115:070:1002:0700% 0
Gabriel CarlssonD0112002121:162:4801:5800% 0
Ivan ChekhovichLW000000000:000:0000:0000% 0
Jack AhcanD0002012121:363:0212:0400% 0
Jack DuganLW000100109:040:0000:0000% 0
Jacob LarssonD0000003225:302:4523:0600% 0
Jake WalmanD0000411123:152:4500:5300% 0
Jonathan DahlenLW000000001:340:0001:3400% 0
Marc McLaughlinC1011028025:093:0222:11042% 26
Nick MerkleyRW2022017022:333:0211:28067% 3
Parker WotherspoonD0000010413:140:2400:0000% 0
Pavel DorofeyevLW/RW0000010012:260:0000:0000% 0
Sasha ChmelevskiC/RW0000212122:022:5520:38067% 27
Shane GersichC/LW0000023022:192:5500:54067% 3
Tyler BensonLW0332013124:283:0203:23033% 12
Monsters
Player Name POS G A P +/- PIM HIT SHT SB MP PP MP PP SHT PK MP PK SHT FO% FOT
Adam GinningD000-1002321:342:3022:4600% 0
Alex FormentonLW0000036122:392:3303:54030% 10
Andrew PoturalskiC/RW0110233019:502:3311:060100% 1
Anthony AngelloC/RW000-1030011:340:0000:000100% 2
Blade JenkinsC/LW000-1011011:340:0000:00046% 13
Carsen TwarynskiLW000-1001011:340:0000:000100% 1
Chris BigrasD000-2020116:210:0000:5000% 0
Dysin MayoD0221010522:462:3403:0200% 0
Justin BaileyRW000-200306:170:0000:000100% 1
Mason GeertsenD000-1260120:492:3002:0200% 0
Max WillmanC/LW0111033019:212:3101:54044% 25
Mitch ReinkeD000-2011116:150:2600:1800% 0
Nathan WalkerLW000-200007:000:0000:4300% 1
Nicholas AbruzzeseC/LW1010007022:392:3313:54055% 22
Nicolas PetanC/LW/RW1011002017:272:3110:0000% 0
Ryan FitzgeraldC/LW000-200006:170:0000:00057% 7
Sean DayD0001000222:142:0802:5600% 0
Tim GettingerLW0001242017:492:3100:230100% 1



Play-by-Play

1st period


0:01 of 1st period - Nicholas Abruzzese wins face-off versus Marc McLaughlin in neutral zone.
0:19 of 1st period - Shot by Alex Formenton.
0:19 of 1st period - Stopped by Justus Annunen without a rebound.
0:20 of 1st period - Sasha Chmelevski wins face-off versus Max Willman in Griffins zone.
0:27 of 1st period - Shot by Gabriel Carlsson.
0:27 of 1st period - Stopped by Kevin Mandolese without a rebound.
0:28 of 1st period - Aidan Dudas wins face-off versus Blade Jenkins in Monsters zone.
0:46 of 1st period - Icing by Chris Bigras.
0:47 of 1st period - Blade Jenkins wins face-off versus Sasha Chmelevski in Monsters zone.
0:47 of 1st period - Blade Jenkins is hit by Shane Gersich.
0:58 of 1st period - Icing by Carsen Twarynski.
0:59 of 1st period - Anthony Angello wins face-off versus Tyler Benson in Monsters zone.
1:30 of 1st period - Shot by Jack Dugan.
1:30 of 1st period - Shot Blocked by Chris Bigras.
1:38 of 1st period - Shot by Nick Merkley.
1:38 of 1st period - Stopped by Kevin Mandolese without a rebound.
1:39 of 1st period - Sasha Chmelevski wins face-off versus Max Willman in Monsters zone.
1:59 of 1st period - Icing by Mason Geertsen.
2:00 of 1st period - Tim Gettinger wins face-off versus Aidan Dudas in Monsters zone.
2:00 of 1st period - Tim Gettinger is hit by Pavel Dorofeyev.
2:03 of 1st period - Mason Geertsen is hit by Marc McLaughlin and loses puck.
2:21 of 1st period - Shot by Max Willman.
2:21 of 1st period - Shot Blocked by Aidan Dudas.
2:56 of 1st period - Shot by Alexander Volkov.
2:56 of 1st period - Stopped by Kevin Mandolese without a rebound.
2:57 of 1st period - Tyler Benson wins face-off versus Ryan Fitzgerald in Monsters zone.
2:58 of 1st period - Shot by Nick Merkley.
2:58 of 1st period - Goal by Nick Merkley - Griffins : 1 - Monsters : 0.
2:59 of 1st period - Justin Bailey wins face-off versus Alexander Volkov in neutral zone.
3:02 of 1st period - Shot by Nathan Walker.
3:02 of 1st period - Deflect By Justin Bailey.
3:02 of 1st period - Shot Misses the Net.
3:04 of 1st period - Shot by Justin Bailey.
3:04 of 1st period - Stopped by Justus Annunen without a rebound.
3:05 of 1st period - Sasha Chmelevski wins face-off versus Nicholas Abruzzese in Griffins zone.
3:16 of 1st period - Shot by Sasha Chmelevski.
3:16 of 1st period - Shot Misses the Net.
3:18 of 1st period - Shot by Shane Gersich.
3:18 of 1st period - Stopped by Kevin Mandolese without a rebound.
3:19 of 1st period - Marc McLaughlin wins face-off versus Ryan Fitzgerald in Monsters zone.
3:26 of 1st period - Shot by Tyler Benson.
3:26 of 1st period - Deflect By Marc McLaughlin.
3:26 of 1st period - Goal by Marc McLaughlin - Griffins : 2 - Monsters : 0.
3:27 of 1st period - Nicholas Abruzzese wins face-off versus Marc McLaughlin in neutral zone.
3:30 of 1st period - Shot by Sean Day.
3:30 of 1st period - Shot Misses the Net.
4:30 of 1st period - Sasha Chmelevski is hit by Mason Geertsen and loses puck.
5:49 of 1st period - Aidan Dudas is hit by Mitch Reinke and loses puck.
5:53 of 1st period - Icing by Chris Bigras.
5:54 of 1st period - Ryan Fitzgerald wins face-off versus Nick Merkley in Monsters zone.
5:54 of 1st period - Ryan Fitzgerald is hit by Tyler Benson.
6:29 of 1st period - Minor Penalty to Andrew Poturalski for Tripping.
6:30 of 1st period - Alex Formenton wins face-off versus Marc McLaughlin in Monsters zone.
7:20 of 1st period - Shot by Shane Gersich.
7:20 of 1st period - Shot Misses the Net.
8:14 of 1st period - Shot by Marc McLaughlin.
8:14 of 1st period - Deflect By Nick Merkley.
8:14 of 1st period - Stopped by Kevin Mandolese without a rebound.
8:15 of 1st period - Sasha Chmelevski wins face-off versus Alex Formenton in Monsters zone.
8:26 of 1st period - Sasha Chmelevski is hit by Max Willman and loses puck.
8:38 of 1st period - Icing by Parker Wotherspoon.
8:39 of 1st period - Anthony Angello wins face-off versus Aidan Dudas in Griffins zone.
8:54 of 1st period - Parker Wotherspoon is hit by Anthony Angello and loses puck.
9:03 of 1st period - Blade Jenkins is hit by Aidan Dudas and loses puck.
9:09 of 1st period - Chris Bigras is hit by Parker Wotherspoon and loses puck.
9:44 of 1st period - Tyler Benson is hit by Tim Gettinger and loses puck.
9:55 of 1st period - Shot by Jack Dugan.
9:55 of 1st period - Stopped by Kevin Mandolese with a rebound.
10:03 of 1st period - Shot by Nick Merkley.
10:03 of 1st period - Shot Blocked by Dysin Mayo.
10:05 of 1st period - Shot by Tyler Benson.
10:05 of 1st period - Shot Blocked by Dysin Mayo.
10:07 of 1st period - Shot by Gabriel Carlsson.
10:07 of 1st period - Shot Misses the Net.
10:33 of 1st period - Off-side.
10:34 of 1st period - Nicholas Abruzzese wins face-off versus Sasha Chmelevski in neutral zone.
10:59 of 1st period - Shot by Alexander Volkov.
10:59 of 1st period - Shot Misses the Net.
11:01 of 1st period - Shot by Jake Walman.
11:01 of 1st period - Shot Blocked by Adam Ginning.
11:24 of 1st period - Jack Ahcan is hit by Chris Bigras and loses puck.
11:27 of 1st period - Shot by Tyler Benson.
11:27 of 1st period - Deflect By Nick Merkley.
11:27 of 1st period - Shot Misses the Net.
11:29 of 1st period - Shot by Gabriel Carlsson.
11:29 of 1st period - Shot Misses the Net.
11:31 of 1st period - Shot by Nick Merkley.
11:31 of 1st period - Goal by Nick Merkley - Griffins : 3 - Monsters : 0.
11:32 of 1st period - Aidan Dudas wins face-off versus Ryan Fitzgerald in neutral zone.
11:55 of 1st period - Shot by Nathan Walker.
11:55 of 1st period - Shot Blocked by Parker Wotherspoon.
11:57 of 1st period - Shot by Mitch Reinke.
11:57 of 1st period - Stopped by Justus Annunen with a rebound.
11:59 of 1st period - Shot by Chris Bigras.
11:59 of 1st period - Shot Blocked by Parker Wotherspoon.
12:01 of 1st period - Shot by Nathan Walker.
12:01 of 1st period - Deflect By Justin Bailey.
12:01 of 1st period - Shot Blocked by Aidan Dudas.
12:21 of 1st period - Dylan Coghlan is hit by Max Willman and loses puck.
12:54 of 1st period - Shot by Sasha Chmelevski.
12:54 of 1st period - Shot Misses the Net.
13:15 of 1st period - Sasha Chmelevski is hit by Andrew Poturalski and loses puck.
13:27 of 1st period - Icing by Adam Ginning.
13:28 of 1st period - Tyler Benson wins face-off versus Nicholas Abruzzese in Monsters zone.
14:07 of 1st period - Icing by Adam Ginning.
14:08 of 1st period - Sasha Chmelevski wins face-off versus Alex Formenton in Monsters zone.
14:08 of 1st period - Sasha Chmelevski is hit by Mason Geertsen.
14:54 of 1st period - Off-side.
14:55 of 1st period - Max Willman wins face-off versus Tyler Benson in neutral zone.
14:58 of 1st period - Shot by Nicolas Petan.
14:58 of 1st period - Deflect By Max Willman.
14:58 of 1st period - Shot Blocked by Tyler Benson.
15:08 of 1st period - Shot by Max Willman.
15:08 of 1st period - Deflect By Nicolas Petan.
15:08 of 1st period - Goal by Nicolas Petan - Griffins : 3 - Monsters : 1.
15:09 of 1st period - Marc McLaughlin wins face-off versus Blade Jenkins in neutral zone.
15:09 of 1st period - Marc McLaughlin is hit by Blade Jenkins.
15:28 of 1st period - Off-side.
15:29 of 1st period - Max Willman wins face-off versus Sasha Chmelevski in neutral zone.
16:06 of 1st period - Shot by Max Willman.
16:06 of 1st period - Shot Misses the Net.
16:08 of 1st period - Shot by Sean Day.
16:08 of 1st period - Shot Misses the Net.
16:10 of 1st period - Shot by Max Willman.
16:10 of 1st period - Stopped by Justus Annunen without a rebound.
16:11 of 1st period - Marc McLaughlin wins face-off versus Blade Jenkins in Griffins zone.
16:22 of 1st period - Shot by Marc McLaughlin.
16:22 of 1st period - Stopped by Kevin Mandolese with a rebound.
16:44 of 1st period - Shot by Marc McLaughlin.
16:44 of 1st period - Stopped by Kevin Mandolese with a rebound.
16:46 of 1st period - Shot by Marc McLaughlin.
16:46 of 1st period - Stopped by Kevin Mandolese without a rebound.
16:47 of 1st period - Aidan Dudas wins face-off versus Nicholas Abruzzese in Monsters zone.
16:48 of 1st period - Shot by Marc McLaughlin.
16:48 of 1st period - Deflect By Aidan Dudas.
16:48 of 1st period - Shot Misses the Net.
17:03 of 1st period - Icing by Marc McLaughlin.
17:04 of 1st period - Marc McLaughlin wins face-off versus Max Willman in Griffins zone.
17:04 of 1st period - Marc McLaughlin is hit by Max Willman.
17:28 of 1st period - Shot by Aidan Dudas.
17:28 of 1st period - Shot Misses the Net.
17:30 of 1st period - Shot by Dylan Coghlan.
17:30 of 1st period - Deflect By Marc McLaughlin.
17:30 of 1st period - Shot Blocked by Adam Ginning.
18:14 of 1st period - Shot by Alex Formenton.
18:14 of 1st period - Stopped by Justus Annunen without a rebound.
18:15 of 1st period - Tyler Benson wins face-off versus Blade Jenkins in Griffins zone.
18:19 of 1st period - Off-side.
18:20 of 1st period - Blade Jenkins wins face-off versus Tyler Benson in neutral zone.
18:35 of 1st period - Gabriel Carlsson is hit by Anthony Angello and loses puck.
19:09 of 1st period - Shot by Nicholas Abruzzese.
19:09 of 1st period - Stopped by Justus Annunen without a rebound.
19:10 of 1st period - Sasha Chmelevski wins face-off versus Alex Formenton in Griffins zone.
19:10 of 1st period - Sasha Chmelevski is hit by Alex Formenton.
19:16 of 1st period - Sean Day is hit by Alexander Volkov and loses puck.
19:20 of 1st period - Andrew Poturalski is hit by Shane Gersich and loses puck.
19:24 of 1st period - Minor Penalty to Jake Walman for Holding.
19:25 of 1st period - Marc McLaughlin wins face-off versus Max Willman in Griffins zone.
19:38 of 1st period - Shot by Adam Ginning.
19:38 of 1st period - Shot Misses the Net.
Goals for this period are 3 for Griffins vs 1 for Monsters.
Shots for this period are 12 for Griffins vs 7 for Monsters.

2nd period


0:01 of 2nd period - Marc McLaughlin wins face-off versus Nicholas Abruzzese in neutral zone.
0:28 of 2nd period - Shot by Andrew Poturalski.
0:28 of 2nd period - Shot Misses the Net.
0:30 of 2nd period - Shot by Nicholas Abruzzese.
0:30 of 2nd period - Goal by Nicholas Abruzzese - Griffins : 3 - Monsters : 2.
0:31 of 2nd period - Max Willman wins face-off versus Shane Gersich in neutral zone.
0:40 of 2nd period - Shot by Nicolas Petan.
0:40 of 2nd period - Shot Misses the Net.
0:52 of 2nd period - Shot by Shane Gersich.
0:52 of 2nd period - Shot Blocked by Mason Geertsen.
1:00 of 2nd period - Shot by Alexander Volkov.
1:00 of 2nd period - Stopped by Kevin Mandolese with a rebound.
1:02 of 2nd period - Shot by Alexander Volkov.
1:02 of 2nd period - Shot Misses the Net.
1:04 of 2nd period - Shot by Shane Gersich.
1:04 of 2nd period - Deflect By Alexander Volkov.
1:04 of 2nd period - Shot Misses the Net.
1:46 of 2nd period - Shot by Marc McLaughlin.
1:46 of 2nd period - Stopped by Kevin Mandolese without a rebound.
1:47 of 2nd period - Aidan Dudas wins face-off versus Nicholas Abruzzese in Monsters zone.
2:00 of 2nd period - Shot by Nicholas Abruzzese.
2:00 of 2nd period - Shot Misses the Net.
2:02 of 2nd period - Shot by Alex Formenton.
2:02 of 2nd period - Stopped by Justus Annunen with a rebound.
2:04 of 2nd period - Shot by Nicholas Abruzzese.
2:04 of 2nd period - Stopped by Justus Annunen with a rebound.
2:06 of 2nd period - Shot by Alex Formenton.
2:06 of 2nd period - Deflect By Nicholas Abruzzese.
2:06 of 2nd period - Shot Misses the Net.
2:20 of 2nd period - Shot by Nicholas Abruzzese.
2:20 of 2nd period - Shot Misses the Net.
3:01 of 2nd period - Minor Penalty to Sasha Chmelevski for Tripping.
3:02 of 2nd period - Nick Merkley wins face-off versus Max Willman in Griffins zone.
3:45 of 2nd period - Shot by Adam Ginning.
3:45 of 2nd period - Stopped by Justus Annunen without a rebound.
3:46 of 2nd period - Shane Gersich wins face-off versus Nicholas Abruzzese in Griffins zone.
4:05 of 2nd period - Shot by Andrew Poturalski.
4:05 of 2nd period - Shot Blocked by Jack Ahcan.
4:07 of 2nd period - Shot by Nicholas Abruzzese.
4:07 of 2nd period - Shot Misses the Net.
4:45 of 2nd period - Shot by Nicolas Petan.
4:45 of 2nd period - Stopped by Justus Annunen without a rebound.
4:46 of 2nd period - Alex Formenton wins face-off versus Marc McLaughlin in Griffins zone.
5:13 of 2nd period - Shot by Justin Bailey.
5:13 of 2nd period - Shot Misses the Net.
5:52 of 2nd period - Blade Jenkins is hit by Dylan Coghlan and loses puck.
5:59 of 2nd period - Shot by Carsen Twarynski.
5:59 of 2nd period - Stopped by Justus Annunen with a rebound.
6:01 of 2nd period - Shot by Carsen Twarynski.
6:01 of 2nd period - Shot Blocked by Parker Wotherspoon.
6:03 of 2nd period - Shot by Blade Jenkins.
6:03 of 2nd period - Stopped by Justus Annunen without a rebound.
6:04 of 2nd period - Marc McLaughlin wins face-off versus Max Willman in Griffins zone.
6:28 of 2nd period - Tim Gettinger is hit by Jake Walman and loses puck.
7:01 of 2nd period - Shot by Gabriel Carlsson.
7:01 of 2nd period - Shot Blocked by Dysin Mayo.
7:10 of 2nd period - Off-side.
7:11 of 2nd period - Blade Jenkins wins face-off versus Aidan Dudas in neutral zone.
7:26 of 2nd period - Icing by Carsen Twarynski.
7:27 of 2nd period - Blade Jenkins wins face-off versus Sasha Chmelevski in Monsters zone.
7:33 of 2nd period - Off-side.
7:34 of 2nd period - Nicholas Abruzzese wins face-off versus Tyler Benson in neutral zone.
7:57 of 2nd period - Shot by Alex Formenton.
7:57 of 2nd period - Stopped by Justus Annunen without a rebound.
7:58 of 2nd period - Sasha Chmelevski wins face-off versus Max Willman in Griffins zone.
7:58 of 2nd period - Sasha Chmelevski is hit by Tim Gettinger.
8:03 of 2nd period - Icing by Alexander Volkov.
8:04 of 2nd period - Sasha Chmelevski wins face-off versus Max Willman in Griffins zone.
8:15 of 2nd period - Shot by Sasha Chmelevski.
8:15 of 2nd period - Shot Blocked by Adam Ginning.
8:36 of 2nd period - Off-side.
8:37 of 2nd period - Nicholas Abruzzese wins face-off versus Marc McLaughlin in neutral zone.
8:42 of 2nd period - Shot by Nicholas Abruzzese.
8:42 of 2nd period - Stopped by Justus Annunen without a rebound.
8:43 of 2nd period - Nicholas Abruzzese wins face-off versus Marc McLaughlin in Griffins zone.
9:10 of 2nd period - Shot by Alex Formenton.
9:10 of 2nd period - Stopped by Justus Annunen without a rebound.
9:11 of 2nd period - Max Willman wins face-off versus Sasha Chmelevski in Griffins zone.
10:17 of 2nd period - Shot by Nicholas Abruzzese.
10:17 of 2nd period - Deflect By Alex Formenton.
10:17 of 2nd period - Shot Blocked by Jacob Larsson.
10:19 of 2nd period - Shot by Nicholas Abruzzese.
10:19 of 2nd period - Stopped by Justus Annunen with a rebound.
10:21 of 2nd period - Shot by Alex Formenton.
10:21 of 2nd period - Shot Blocked by Jake Walman.
11:04 of 2nd period - Off-side.
11:05 of 2nd period - Ryan Fitzgerald wins face-off versus Aidan Dudas in neutral zone.
11:42 of 2nd period - Shot by Aidan Dudas.
11:42 of 2nd period - Stopped by Kevin Mandolese without a rebound.
11:43 of 2nd period - Carsen Twarynski wins face-off versus Tyler Benson in Monsters zone.
12:13 of 2nd period - Nick Merkley is hit by Mason Geertsen and loses puck.
12:37 of 2nd period - Shot by Dylan Coghlan.
12:37 of 2nd period - Deflect By Aidan Dudas.
12:37 of 2nd period - Stopped by Kevin Mandolese without a rebound.
12:38 of 2nd period - Nicholas Abruzzese wins face-off versus Sasha Chmelevski in Monsters zone.
12:55 of 2nd period - Shot by Alexander Volkov.
12:55 of 2nd period - Shot Misses the Net.
12:57 of 2nd period - Shot by Sasha Chmelevski.
12:57 of 2nd period - Shot Blocked by Dysin Mayo.
13:03 of 2nd period - Shot by Shane Gersich.
13:03 of 2nd period - Shot Blocked by Sean Day.
13:39 of 2nd period - Shot by Tim Gettinger.
13:39 of 2nd period - Stopped by Justus Annunen without a rebound.
13:40 of 2nd period - Ryan Fitzgerald wins face-off versus Tyler Benson in Griffins zone.
13:41 of 2nd period - Shot by Chris Bigras.
13:41 of 2nd period - Deflect By Justin Bailey.
13:41 of 2nd period - Stopped by Justus Annunen with a rebound.
13:56 of 2nd period - Nick Merkley is hit by Chris Bigras and loses puck.
15:04 of 2nd period - Shot by Jacob Larsson.
15:04 of 2nd period - Stopped by Kevin Mandolese with a rebound.
15:05 of 2nd period - Minor Penalty to Mason Geertsen for Hooking.
15:06 of 2nd period - Sasha Chmelevski wins face-off versus Alex Formenton in Monsters zone.
15:21 of 2nd period - Shot by Jacob Larsson.
15:21 of 2nd period - Stopped by Kevin Mandolese with a rebound.
16:28 of 2nd period - Icing by Marc McLaughlin.
16:29 of 2nd period - Marc McLaughlin wins face-off versus Alex Formenton in Griffins zone.
16:34 of 2nd period - Shot by Gabriel Carlsson.
16:34 of 2nd period - Shot Blocked by Sean Day.
16:36 of 2nd period - Shot by Gabriel Carlsson.
16:36 of 2nd period - Shot Blocked by Alex Formenton.
16:38 of 2nd period - Shot by Jack Ahcan.
16:38 of 2nd period - Shot Misses the Net.
17:08 of 2nd period - Shot by Chris Bigras.
17:08 of 2nd period - Shot Misses the Net.
17:31 of 2nd period - Icing by Mitch Reinke.
17:32 of 2nd period - Shane Gersich wins face-off versus Blade Jenkins in Monsters zone.
17:43 of 2nd period - Shot by Carsen Twarynski.
17:43 of 2nd period - Shot Misses the Net.
17:45 of 2nd period - Shot by Anthony Angello.
17:45 of 2nd period - Shot Misses the Net.
17:58 of 2nd period - Icing by Jacob Larsson.
17:59 of 2nd period - Sasha Chmelevski wins face-off versus Max Willman in Griffins zone.
17:59 of 2nd period - Jacob Larsson is hit by Tim Gettinger and loses puck.
18:00 of 2nd period - Minor Penalty to Tim Gettinger for High sticking.
18:01 of 2nd period - Alex Formenton wins face-off versus Tyler Benson in Monsters zone.
18:20 of 2nd period - Shot by Jack Ahcan.
18:20 of 2nd period - Stopped by Kevin Mandolese without a rebound.
18:21 of 2nd period - Sasha Chmelevski wins face-off versus Alex Formenton in Monsters zone.
18:34 of 2nd period - Shot by Sasha Chmelevski.
18:34 of 2nd period - Stopped by Kevin Mandolese without a rebound.
18:35 of 2nd period - Marc McLaughlin wins face-off versus Alex Formenton in Monsters zone.
18:50 of 2nd period - Shot by Marc McLaughlin.
18:50 of 2nd period - Stopped by Kevin Mandolese with a rebound.
18:52 of 2nd period - Shot by Jake Walman.
18:52 of 2nd period - Deflect By Marc McLaughlin.
18:52 of 2nd period - Stopped by Kevin Mandolese with a rebound.
19:02 of 2nd period - Shot by Jacob Larsson.
19:02 of 2nd period - Stopped by Kevin Mandolese with a rebound.
19:36 of 2nd period - Shot by Gabriel Carlsson.
19:36 of 2nd period - Deflect By Sasha Chmelevski.
19:36 of 2nd period - Stopped by Kevin Mandolese without a rebound.
19:37 of 2nd period - Max Willman wins face-off versus Sasha Chmelevski in Monsters zone.
Goals for this period are 0 for Griffins vs 1 for Monsters.
Shots for this period are 12 for Griffins vs 13 for Monsters.

3rd period


0:01 of 3rd period - Nicholas Abruzzese wins face-off versus Marc McLaughlin in neutral zone.
0:27 of 3rd period - Shot by Tyler Benson.
0:27 of 3rd period - Stopped by Kevin Mandolese without a rebound.
0:28 of 3rd period - Sasha Chmelevski wins face-off versus Max Willman in Monsters zone.
0:36 of 3rd period - Icing by Adam Ginning.
0:37 of 3rd period - Sasha Chmelevski wins face-off versus Max Willman in Monsters zone.
0:37 of 3rd period - Jack Ahcan is hit by Mason Geertsen and loses puck.
0:55 of 3rd period - Icing by Mason Geertsen.
0:56 of 3rd period - Max Willman wins face-off versus Marc McLaughlin in Monsters zone.
1:26 of 3rd period - Shot by Tim Gettinger.
1:26 of 3rd period - Stopped by Justus Annunen without a rebound.
1:27 of 3rd period - Sasha Chmelevski wins face-off versus Nicholas Abruzzese in Griffins zone.
1:57 of 3rd period - Off-side.
1:58 of 3rd period - Blade Jenkins wins face-off versus Marc McLaughlin in neutral zone.
2:18 of 3rd period - Chris Bigras is hit by Marc McLaughlin and loses puck.
2:30 of 3rd period - Minor Penalty to Jake Walman for Tripping.
2:31 of 3rd period - Nicholas Abruzzese wins face-off versus Marc McLaughlin in Griffins zone.
2:44 of 3rd period - Shot by Andrew Poturalski.
2:44 of 3rd period - Stopped by Justus Annunen without a rebound.
2:45 of 3rd period - Max Willman wins face-off versus Marc McLaughlin in Griffins zone.
3:11 of 3rd period - Icing by Adam Ginning.
3:12 of 3rd period - Nick Merkley wins face-off versus Max Willman in Monsters zone.
3:19 of 3rd period - Shot by Adam Ginning.
3:19 of 3rd period - Shot Blocked by Sasha Chmelevski.
3:21 of 3rd period - Shot by Adam Ginning.
3:21 of 3rd period - Stopped by Justus Annunen without a rebound.
3:22 of 3rd period - Nicholas Abruzzese wins face-off versus Marc McLaughlin in Griffins zone.
4:23 of 3rd period - Nicolas Petan is hit by Sasha Chmelevski.
5:00 of 3rd period - Shot by Carsen Twarynski.
5:00 of 3rd period - Shot Misses the Net.
5:17 of 3rd period - Icing by Gabriel Carlsson.
5:18 of 3rd period - Max Willman wins face-off versus Sasha Chmelevski in Griffins zone.
6:28 of 3rd period - Shot by Nicholas Abruzzese.
6:28 of 3rd period - Stopped by Justus Annunen with a rebound.
7:10 of 3rd period - Shot by Nick Merkley.
7:10 of 3rd period - Stopped by Kevin Mandolese without a rebound.
7:11 of 3rd period - Ryan Fitzgerald wins face-off versus Marc McLaughlin in Monsters zone.
7:22 of 3rd period - Shot by Tyler Benson.
7:22 of 3rd period - Shot Blocked by Mitch Reinke.
7:24 of 3rd period - Shot by Marc McLaughlin.
7:24 of 3rd period - Stopped by Kevin Mandolese without a rebound.
7:25 of 3rd period - Sasha Chmelevski wins face-off versus Blade Jenkins in Monsters zone.
7:25 of 3rd period - Sasha Chmelevski is hit by Mason Geertsen.
7:31 of 3rd period - Shot by Shane Gersich.
7:31 of 3rd period - Shot Misses the Net.
7:59 of 3rd period - Shot by Blade Jenkins.
7:59 of 3rd period - Deflect By Carsen Twarynski.
7:59 of 3rd period - Shot Blocked by Jacob Larsson.
8:04 of 3rd period - Sasha Chmelevski is hit by Mason Geertsen and loses puck.
8:51 of 3rd period - Shot by Nicholas Abruzzese.
8:51 of 3rd period - Shot Blocked by Gabriel Carlsson.
8:53 of 3rd period - Shot by Alex Formenton.
8:53 of 3rd period - Stopped by Justus Annunen without a rebound.
8:54 of 3rd period - Max Willman wins face-off versus Aidan Dudas in Griffins zone.
9:01 of 3rd period - Shot by Nicolas Petan.
9:01 of 3rd period - Shot Misses the Net.
9:15 of 3rd period - Shot by Marc McLaughlin.
9:15 of 3rd period - Shot Misses the Net.
9:17 of 3rd period - Shot by Dylan Coghlan.
9:17 of 3rd period - Stopped by Kevin Mandolese without a rebound.
9:18 of 3rd period - Sasha Chmelevski wins face-off versus Nicholas Abruzzese in Monsters zone.
9:37 of 3rd period - Shot by Shane Gersich.
9:37 of 3rd period - Stopped by Kevin Mandolese with a rebound.
9:39 of 3rd period - Shot by Jake Walman.
9:39 of 3rd period - Stopped by Kevin Mandolese with a rebound.
9:41 of 3rd period - Shot by Alexander Volkov.
9:41 of 3rd period - Stopped by Kevin Mandolese without a rebound.
9:42 of 3rd period - Max Willman wins face-off versus Marc McLaughlin in Monsters zone.
9:42 of 3rd period - Max Willman is hit by Nick Merkley.
9:45 of 3rd period - Icing by Tim Gettinger.
9:46 of 3rd period - Marc McLaughlin wins face-off versus Max Willman in Monsters zone.
10:05 of 3rd period - Shot by Max Willman.
10:05 of 3rd period - Stopped by Justus Annunen without a rebound.
10:06 of 3rd period - Sasha Chmelevski wins face-off versus Nicholas Abruzzese in Griffins zone.
10:06 of 3rd period - Sasha Chmelevski is hit by Andrew Poturalski.
10:09 of 3rd period - Icing by Jacob Larsson.
10:10 of 3rd period - Andrew Poturalski wins face-off versus Sasha Chmelevski in Griffins zone.
10:38 of 3rd period - Sasha Chmelevski is hit by Dysin Mayo and loses puck.
10:58 of 3rd period - Icing by Dysin Mayo.
10:59 of 3rd period - Marc McLaughlin wins face-off versus Nicholas Abruzzese in Monsters zone.
11:18 of 3rd period - Shot by Nick Merkley.
11:18 of 3rd period - Stopped by Kevin Mandolese with a rebound.
11:22 of 3rd period - Shot by Tyler Benson.
11:22 of 3rd period - Stopped by Kevin Mandolese with a rebound.
11:32 of 3rd period - Shot by Jack Ahcan.
11:32 of 3rd period - Stopped by Kevin Mandolese with a rebound.
11:34 of 3rd period - Shot by Gabriel Carlsson.
11:34 of 3rd period - Stopped by Kevin Mandolese without a rebound.
11:35 of 3rd period - Max Willman wins face-off versus Aidan Dudas in Monsters zone.
11:35 of 3rd period - Max Willman is hit by Aidan Dudas.
11:53 of 3rd period - Shot by Tim Gettinger.
11:53 of 3rd period - Shot Blocked by Dylan Coghlan.
12:03 of 3rd period - Shot by Nicolas Petan.
12:03 of 3rd period - Shot Blocked by Parker Wotherspoon.
12:05 of 3rd period - Shot by Max Willman.
12:05 of 3rd period - Shot Misses the Net.
12:43 of 3rd period - Shot by Justin Bailey.
12:43 of 3rd period - Stopped by Justus Annunen without a rebound.
12:44 of 3rd period - Blade Jenkins wins face-off versus Tyler Benson in Griffins zone.
13:19 of 3rd period - Shot by Tyler Benson.
13:19 of 3rd period - Stopped by Kevin Mandolese with a rebound.
13:21 of 3rd period - Shot by Nick Merkley.
13:21 of 3rd period - Shot Misses the Net.
13:23 of 3rd period - Shot by Nick Merkley.
13:23 of 3rd period - Stopped by Kevin Mandolese without a rebound.
13:24 of 3rd period - Sasha Chmelevski wins face-off versus Nathan Walker in Monsters zone.
13:29 of 3rd period - Shot by Sasha Chmelevski.
13:29 of 3rd period - Shot Misses the Net.
13:31 of 3rd period - Shot by Sasha Chmelevski.
13:31 of 3rd period - Deflect By Shane Gersich.
13:31 of 3rd period - Stopped by Kevin Mandolese with a rebound.
14:38 of 3rd period - Shot by Aidan Dudas.
14:38 of 3rd period - Shot Blocked by Dysin Mayo.
15:08 of 3rd period - Shot by Andrew Poturalski.
15:08 of 3rd period - Stopped by Justus Annunen with a rebound.
15:33 of 3rd period - Icing by Jack Dugan.
15:34 of 3rd period - Tyler Benson wins face-off versus Max Willman in Griffins zone.
15:34 of 3rd period - Jack Dugan is hit by Tim Gettinger and loses puck.
16:09 of 3rd period - Shot by Nicolas Petan.
16:09 of 3rd period - Shot Misses the Net.
16:26 of 3rd period - Off-side.
16:27 of 3rd period - Nicholas Abruzzese wins face-off versus Aidan Dudas in neutral zone.
16:33 of 3rd period - Dylan Coghlan is hit by Alex Formenton and loses puck.
16:38 of 3rd period - Parker Wotherspoon is hit by Andrew Poturalski and loses puck.
16:51 of 3rd period - Shot by Nicholas Abruzzese.
16:51 of 3rd period - Stopped by Justus Annunen without a rebound.
16:52 of 3rd period - Alexander Volkov wins face-off versus Blade Jenkins in Griffins zone.
16:52 of 3rd period - Alexander Volkov is hit by Anthony Angello.
17:44 of 3rd period - Shot by Tyler Benson.
17:44 of 3rd period - Shot Misses the Net.
18:00 of 3rd period - Chris Bigras is hit by Jack Ahcan.
19:29 of 3rd period - Monsters, Kevin Mandolese is pulled from the net.
19:29 of 3rd period - Shot by Max Willman.
19:29 of 3rd period - Stopped by Justus Annunen without a rebound.
19:30 of 3rd period - Nicholas Abruzzese wins face-off versus Marc McLaughlin in Griffins zone.
19:31 of 3rd period - Shot by Andrew Poturalski.
19:31 of 3rd period - Stopped by Justus Annunen with a rebound.
19:36 of 3rd period - Marc McLaughlin is hit by Alex Formenton.
Goals for this period are 0 for Griffins vs 0 for Monsters.
Shots for this period are 14 for Griffins vs 11 for Monsters.